 Dungeon Crawl Stone Soup version 0.29.1-1-gd02db6906a (webtiles) character file.

Game seed: 13213661313090837974

29 Glamhuggeren the Chopper (level 3, 28/28 HPs)
             Began as a Demonspawn Gladiator on Oct 7, 2022.
             Quit the game on level 2 of the Dungeon.
             The game lasted 00:02:05 (934 turns).

Glamhuggeren the Chopper (Demonspawn Gladiator)      Turns: 934, Time: 00:02:05

Health: 28/28      AC:  4    Str: 16    XL:     3   Next: 1%
Magic:  3/3        EV: 12    Int:  9    God:
Gold:   3          SH:  0    Dex: 16    Spells: 2/2 levels left

rFire   . . .      SeeInvis .   a - +0 war axe
rCold   . . .      Faith    .   (no shield)
rNeg    . . .      Spirit   .   b - +0 leather armour
rPois   .          Reflect  .   c - +0 helmet
rElec   .          Harm     .   (no cloak)
rCorr   .          Rampage  .   (no gloves)
Will    .....                   (no boots)
Stlth   ++........              (no amulet)
HPRegen 0.09/turn               (no ring)
MPRegen 0.08/turn               (no ring)

@: no status effects
A: thin skeletal structure 1, weakness stinger 1
a: no special abilities


You were on level 2 of the Dungeon.
You visited 1 branch of the dungeon, and saw 2 of its levels.

You collected 3 gold pieces.

Inventory:

Hand Weapons
 a - a +0 war axe (weapon)
 h - a +0 sling
Missiles
 d - 3 throwing nets (quivered)
 e - a javelin
 g - 21 stones
Armour
 b - a +0 leather armour (worn)
 c - a +0 helmet (worn)
Scrolls
 i - a scroll of teleportation {unknown}
 k - a scroll of enchant weapon {unknown}
Potions
 f - 2 potions of heal wounds {unknown}
 j - a potion of flight {unknown}


   Skills:
 * Level 2.7 Fighting
 + Level 3.0 Axes
 - Level 2.0 Throwing
 - Level 3.0 Dodging


You had 2 spell levels left.
You didn't know any spells.
Your spell library was empty.

Dungeon Overview and Level Annotations

Branches:
Dungeon (2/15)

Altars:


Innate Abilities, Weirdness & Mutations

You have a somewhat thin skeletal structure. (Dex +2, Stealth+)
You have a small tail.


Message History

Things that are here:
a +0 dagger; a goblin corpse
There is an open door here.
You open the door.
There is an open door here.
You see here a +0 dagger.
You see here a +0 dagger.
There is an open door here.
Done exploring.
Done exploring.
There is a stone staircase leading down here.
You climb downwards.
There is a stone staircase leading up here.
The kobold shouts!
The kobold completely misses you.
You closely miss the kobold. The kobold hits you with a +0 whip.
You hit the kobold.
You kill the kobold!
No target in view!
HP restored.
g - 21 stones (gained 3)
Things that are here:
a +0 whip; a kobold corpse A kobold comes into view.
It is wielding a +0 dagger.
A kobold is nearby!
The kobold shouts!
You barely miss the kobold.
The kobold hits you but does no damage. x2
You slash the kobold!
You kill the kobold!
Training target 3.0 for Dodging reached!
Your Dodging skill increases to level 3!
You have reached level 3!
Your experience leads to an increase in your attributes!
Increase (S)trength, (I)ntelligence, or (D)exterity?
You feel stronger. x2; Your demonic ancestry asserts itself...
Your bones become slightly less dense.
Saving game... please wait.
Welcome back, Glamhuggeren the Demonspawn Gladiator.
Press ? for a list of commands and other information.
Are you sure you want to abandon this character and quit the game? (Confirm with "yes".)

#.# ... #.# # #.#
..# #.####... ...
#<....... ..
#.###....
#.#.#.####.# #....
#.....(@..)#!...##
..................
.............#....
#####..#####.# ##
#.. .# #.. .# #..
# #.#


There were no monsters in sight!

Vanquished Creatures
  2 ball pythons (D:1)
  A bat (D:1)
  An endoplasm (D:1)
  2 giant cockroaches (D:1)
  7 goblins (D:1)
  3 hobgoblins (D:1)
  3 quokkas (D:1)
  3 kobolds
  A rat (D:1)
23 creatures vanquished.

Notes
Turn   | Place    | Note
-------+----------+-------------------------------------------
     0 | D:1      | Glamhuggeren the Demonspawn Gladiator began the quest for
                  | the Orb.
     0 | D:1      | Reached XP level 1. HP: 16/16 MP: 1/1
   238 | D:1      | Found a faded altar of an unknown god.
   246 | D:1      | Gained mutation: You have a small tail. [demonic ancestry]
   246 | D:1      | Reached XP level 2. HP: 22/22 MP: 2/2
   934 | D:2      | Gained mutation: You have a somewhat thin skeletal
                  | structure. (Dex +2, Stealth+) [demonic ancestry]
   934 | D:2      | Reached XP level 3. HP: 28/28 MP: 3/3
   934 | D:2      | Quit the game

Illustrated notes

Levels and vault maps discovered:
D:1:      dpeg_arrival_tiny_a, layout_basic,
          shapermc_ecumenical_altar_mp_highgroup, minmay_misc_feat_encased
D:2:      layout_basic, basic_altar, uniq_terence

Skill      XL: |  1  2 |
---------------+-------+-----
Throwing       | 2 |  2.0
Axes           | 3 |  3.0
Dodging        | 3 |  3.0
Fighting       | |  2.7

Action                   || total
-------------------------++-------
Melee: War axe           ||    42
       Tailslap          ||     2
Armor: Leather armour    ||    13
Dodge: Dodged            ||    26
